[Event "18th Izmir Open 2019"]
[Site "Izmir"]
[Date "2019.09.06"]
[Round "8.9"]
[White "Kayan, Veli"]
[Black "Inan, Canberk"]
[Result "1/2-1/2"]
[ECO "B49"]
[WhiteElo "1928"]
[BlackElo "1912"]
[Annotator "NA"]
[PlyCount "81"]
[EventDate "2019.09.02"]
[EventType "swiss"]
[EventCountry "TUR"]
[SourceTitle "playchess.com"]
[Source "ChessBase"]
[SourceQuality "1"]
[TimeControl "5400+30"]

1. e4 c5 2. Nf3 e6 3. d4 cxd4 4. Nxd4 a6 5. Nc3 Qc7 6. Be3 Nc6 7. Be2 Nf6 8. O-O Be7 9. a4 b6 10. Nxc6 $11 dxc6 11. a5 bxa5 12. Qd4 O-O 13. Qc4 Rb8 14. e5 Nd5 15. Nxd5 exd5 16. Qc3 Rb4 17. f4 c5 18. Bd2 c4 19. Qg3 Rxb2 20. f5 f6 21. Bf4 fxe5 22. Bxe5 Qb6+ 23. Kh1 Bf6 24. Bxb2 Qxb2 25. Bf3 Bxf5 26. Bxd5+ Kh8 27. Rae1 g6 28. Qd6 Qb4 29. Qxa6 Bxc2 30. Re8 Kg7 31. Qa7+ Kh6 32. Qe3+ Kg7 33. Qa7+ Kh6 34. Rxf8 Qxf8 35. Bxc4 Qd8 36. Qf7 Bf5 37. Bd5 Qe7 38. Qxe7 Bxe7 39. Bb3 Kg5 40. Re1 Bb4 41. Re8 1/2-1/2

[Event "18th Izmir Open 2019"]
[Site "Izmir"]
[Date "2019.09.07"]
[Round "9.5"]
[White "Demirbag, Alihan"]
[Black "Salman, Ilhan Serhat"]
[Result "1-0"]
[ECO "B01"]
[WhiteElo "2121"]
[BlackElo "2037"]
[Annotator "RC"]
[PlyCount "115"]
[EventDate "2019.09.02"]
[EventType "swiss"]
[EventCountry "TUR"]
[SourceTitle "playchess.com"]
[Source "ChessBase"]
[SourceQuality "1"]
[TimeControl "5400+30"]

1. e4 d5 2. exd5 Qxd5 3. Nc3 Qd8 4. d4 Nf6 5. Nf3 g6 6. Be3 Bg7 7. Qd2 O-O 8. Be2 a6 9. Ne5 Nbd7 10. f4 Nb6 11. O-O Nfd5 12. Nxd5 Nxd5 13. Bf2 f6 14. Nd3 Rb8 15. c4 Nb6 16. Rac1 Be6 17. b3 Bf7 18. Rfd1 e6 19. Bf3 Nc8 20. Nc5 Nd6 21. Re1 Re8 22. Re2 e5 23. fxe5 fxe5 24. d5 Nf5 25. Rce1 h5 26. Nd3 Nh4 27. Be4 Kh7 28. g3 Nf5 29. Bxf5 gxf5 30. Nxe5 Bxe5 31. Rxe5 Qf6 32. Qf4 Rxe5 33. Rxe5 Kg6 34. Bd4 Qg5 35. Qxg5+ Kxg5 36. Re7 Kg6 37. Rxc7 b5 38. Rc6+ Kg5 39. Be3+ Kg4 40. Kg2 f4 41. Bxf4 Re8 42. h3+ Kf5 43. Kf3 Rg8 44. Rxa6 bxc4 45. bxc4 Rg7 46. a4 Be8 47. a5 Ba4 48. Rh6 Bd1+ 49. Ke3 Re7+ 50. Re6 Rb7 51. Kd4 Bf3 52. a6 Rb1 53. Kc5 Ra1 54. Kb6 Bg2 55. a7 h4 56. Kb7 hxg3 57. Bxg3 Bxd5+ 58. cxd5 1-0

[Event "18th Izmir Open 2019"]
[Site "Izmir"]
[Date "2019.09.07"]
[Round "9.6"]
[White "Unat, Can Haktan"]
[Black "Bicer, Atakan Mert"]
[Result "1-0"]
[ECO "B82"]
[WhiteElo "2100"]
[BlackElo "2035"]
[Annotator "RC"]
[PlyCount "119"]
[EventDate "2019.09.02"]
[EventType "swiss"]
[EventCountry "TUR"]
[SourceTitle "playchess.com"]
[Source "ChessBase"]
[SourceQuality "1"]
[TimeControl "5400+30"]

1. e4 c5 2. Nf3 e6 3. d4 cxd4 4. Nxd4 Nc6 5. Nc3 Qc7 6. f4 d6 7. Nf3 a6 8. Bd3 Nf6 9. O-O Be7 10. Qe1 Nb4 11. Bd2 Nxd3 12. cxd3 O-O 13. Kh1 Rd8 14. Rc1 Qb8 15. Ne2 b6 16. Ned4 Bb7 17. Nc6 Bxc6 18. Rxc6 Qb7 19. Rc1 Rac8 20. Bc3 Rd7 21. Qg3 Rdc7 22. Rce1 d5 23. e5 Nh5 24. Qg4 g6 25. Nd4 Ng7 26. Qf3 h5 27. g3 Rxc3 28. bxc3 Rxc3 29. h3 b5 30. g4 hxg4 31. hxg4 Qb6 32. Ne2 Ra3 33. Rc1 Rxa2 34. Rc8+ Bf8 35. Ng3 b4 36. f5 exf5 37. gxf5 gxf5 38. Nh5 Qh6 39. Rg1 Ra1 40. Rxa1 Nxh5 41. Qh3 Ng3+ 42. Kh2 Qxh3+ 43. Kxh3 Ne2 44. Rxa6 Kg7 45. Raa8 Nf4+ 46. Kg3 Ng6 47. Rd8 d4 48. Rxd4 Nxe5 49. Kf4 Nc6 50. Rd5 b3 51. Ra1 Nb4 52. Rg1+ Kf6 53. Rxf5+ Ke6 54. Re5+ Kd6 55. Ke4 Na2 56. Re8 Bh6 57. Rb8 Nc1 58. Rf1 Ke7 59. Rb7+ Kd6 60. Rf6+ 1-0

[Event "18th Izmir Open 2019"]
[Site "Izmir"]
[Date "2019.09.07"]
[Round "9.7"]
[White "Gonullu, Muhammed Sinan"]
[Black "Mohannad, Farhan"]
[Result "1/2-1/2"]
[ECO "A45"]
[WhiteElo "1796"]
[BlackElo "2094"]
[Annotator "NA RC"]
[PlyCount "91"]
[EventDate "2019.09.02"]
[EventType "swiss"]
[EventCountry "TUR"]
[SourceTitle "playchess.com"]
[Source "ChessBase"]
[SourceQuality "1"]
[TimeControl "5400+30"]

1. d4 g6 2. Bg5 Bg7 3. c3 d6 4. Nd2 Nf6 5. e3 c5 6. dxc5 dxc5 7. Bxf6 Bxf6 8. Ne4 Qxd1+ 9. Rxd1 b6 10. Bb5+ Bd7 11. Nxf6+ exf6 12. Bxd7+ Nxd7 13. Nf3 Ke7 14. Ke2 b5 15. Rd5 Rhc8 16. Rhd1 Nb6 17. R5d2 Rc7 18. a3 Nc4 19. Rc2 Nb6 20. Ne1 c4 21. Rd4 Rd8 22. Rcd2 Rxd4 23. exd4 Nd5 24. Nc2 a5 25. g3 Rb7 26. Ne3 Kd6 27. Kd1 Nxe3+ 28. fxe3 Re7 29. Ke2 f5 30. Rd1 Kd5 31. h4 h5 32. Kf3 f6 33. Rh1 Rb7 34. Ra1 g5 35. hxg5 fxg5 36. Rh1 Rh7 37. Rh2 Ke6 38. e4 Kf6 39. exf5 Kxf5 40. Re2 g4+ 41. Kg2 Rb7 42. Re5+ Kg6 43. Re6+ Kf5 44. Re5+ Kg6 45. Re6+ Kf5 46. Re5+ 1/2-1/2